 Dungeon Crawl Stone Soup version 0.28.0 (webtiles) character file.

Game seed: 2803569849359577821

116464 Dorkslayer the Fighter (level 17, -4/139 HPs)
             Began as a Human Fighter on July 18, 2022.
             Was an Initiate of Gozag.
             Slain by Agnes (11 damage)
             ... on level 15 of the Dungeon on July 19, 2022.
             The game lasted 01:37:07 (30550 turns).

Dorkslayer the Fighter (Human Fighter)             Turns: 30550, Time: 01:37:07

Health: -4/139     AC: 32    Str: 34    XL:     17   Next: 26%
Magic:  18/18      EV: 13    Int: 15    God:    Gozag
Gold:   3023       SH: 17    Dex: 22    Spells: 16/16 levels left

rFire   . . .      SeeInvis +   w - +9 war axe (flame)
rCold   . . .      Faith    .   p - +0 tower shield
rNeg    . . .      Spirit   .   R - +10 plate armour of Sorcery {Str+3 Dex+5 SInv}
rPois   .          Reflect  .   d - +1 helmet of Carph {rElec Str+6 Stlth-}
rElec   +          Harm     .   f - +0 cloak
rCorr   .          Rampage  .   H - +0 pair of gloves of Skepticism {Str+6 Int+5}
Will    +....                   i - +0 pair of boots
Stlth   ..........              Y - amulet of the acrobat
HPRegen 0.33/turn               l - +4 ring of slaying
MPRegen 0.16/turn               J - +4 ring of evasion

@: lethally poisoned (-4 -> -14), about to teleport, hasted, studying Staves,
very quick
A: no striking features
a: Renounce Religion, Potion Petition, Call Merchant, Bribe Branch


You were on level 15 of the Dungeon.
You worshipped Gozag.
Gozag was most pleased with you.
You visited 4 branches of the dungeon, and saw 24 of its levels.
You also visited: Bailey.

You collected 8011 gold pieces.
You spent 3390 gold pieces at shops.
You paid 1598 gold pieces to Gozag.

Inventory:

Hand Weapons
 s - the +8 morningstar of Chance {vorpal, Int+4 Dex+4}
   (You bought it in a shop on level 2 of the Orcish Mines)

   It inflicts extra damage upon your enemies.
   Int:       It affects your intelligence (+4).
   Dex:       It affects your dexterity (+4).
 w - a +9 war axe of flaming (weapon)
 L - a +2 demon trident of draining
Missiles
 a - 3 silver boomerangs
 n - 11 boomerangs
 q - 5 curare-tipped darts
 P - 18 javelins (quivered)
 W - 2 throwing nets
Armour
 d - the +1 helmet of Carph (worn) {rElec Str+6 Stlth-}
   (You took it off Robin on level 2 of the Dungeon)

   Str:       It affects your strength (+6).
   rElec:     It insulates you from electricity.
   Stlth:     It makes you less stealthy.
 f - a +0 cloak (worn)
 i - a +0 pair of boots (worn)
 p - a +0 tower shield (worn)
 H - the +0 pair of gloves of Skepticism (worn) {Str+6 Int+5}
   (You found it on level 8 of the Dungeon)

   Str:       It affects your strength (+6).
   Int:       It affects your intelligence (+5).
 R - the +10 plate armour of Sorcery (worn) {Str+3 Dex+5 SInv}
   (You bought it in a shop on level 2 of the Orcish Mines)

   Str:       It affects your strength (+3).
   Dex:       It affects your dexterity (+5).
   SInv:      It lets you see invisible.
Jewellery
 l - a +4 ring of slaying (left hand)
 r - a ring of protection from fire
 J - a +4 ring of evasion (right hand)
 T - a ring of positive energy
 Y - an amulet of the acrobat (around neck)
Wands
 k - a wand of paralysis (5)
 m - a wand of flame (20)
 v - a wand of mindburst (15)
 z - a wand of acid (4)
 E - a wand of digging (17)
 Q - a wand of iceblast (1)
Scrolls
 b - 4 scrolls of immolation
 g - 4 scrolls of fog
 o - 7 scrolls of teleportation
 u - 2 scrolls of enchant weapon
 y - 2 scrolls of fear
 B - a scroll of summoning
 C - 2 scrolls of amnesia
 I - 3 scrolls of enchant armour
 M - a scroll of magic mapping
 U - a scroll of silence
Potions
 e - 7 potions of mutation
 h - 2 potions of berserk rage
 j - 6 potions of cancellation
 t - 5 potions of resistance
 x - 5 potions of magic
 D - 5 potions of brilliance
 K - 2 potions of haste
 N - 4 potions of might
 O - 6 potions of flight
 V - a potion of curing
 X - a potion of invisibility
Miscellaneous
 S - a tin of tremorstones (2/2)


   Skills:
 * Level 14.1 Fighting
 - Level 9.1 Long Blades
 + Level 13.9 Axes
 + Level 5.4 Throwing
 + Level 11.6 Armour
 + Level 5.7 Dodging
 + Level 4.1 Stealth
 * Level 7.6 Shields
 + Level 2.1 Invocations
 * Level 11.9 Evocations


You had 16 spell levels left.
You didn't know any spells.
Your spell library contained the following spells:

 Spells                   Type           Power      Damage    Failure   Level
 Animate Skeleton         Necr           0%         N/A       100%        1
 Apportation              Tloc           0%         N/A       100%        1
 Magic Dart               Conj           0%         1d3       100%        1
 Summon Small Mammal      Summ           0%         N/A       100%        1
 Searing Ray              Conj           0%         2d4       100%        2
 Confusing Touch          Hex            0%         N/A       100%        3
 Dazzling Flash           Conj/Hex       0%         N/A       100%        3
 Portal Projectile        Hex/Tloc       0%         N/A       100%        3
 Tukima's Dance           Hex            0%         N/A       100%        3
 Anguish                  Hex/Necr       0%         N/A       100%        4
 Fulminant Prism          Conj/Hex       0%         3d6       100%        4
 Yara's Violent Unravell  Hex/Tmut       0%         3d3       100%        5
 Enfeeble                 Hex            0%         N/A       100%        7
 Malign Gateway           Summ/Tloc      0%         N/A       100%        7
 Spellforged Servitor     Conj/Summ      0%         N/A       100%        7


Dungeon Overview and Level Annotations

Branches:
Dungeon (15/15)            Temple (1/1) D:7            Lair (6/6) D:10
  Swamp (0/4) Lair:2        Snake (0/4) Lair:2        Slime (0/5) Lair:6
    Orc (2/2) D:10            Elf (0/3) Orc:2        Vaults (0/5) D:14
 Bailey (visited)
 Depths: D:15

Altars:
Ashenzari
Dithmenos
Elyvilon
Fedhas
Gozag
Hepliaklqana
Makhleb
Nemelex Xobeh
Qazlal
Ru
Sif Muna
Trog
Uskayaw
Vehumet
Wu Jian
Xom
Zin
The Shining One
Beogh

Shops:
D:3 (   D:4 !   D:10 *   Orc:1 =   Orc:2 ([![(:*

Portals:
Hell: Lair:6

Annotations:
D:15 Agnes


Message History

You feel very sick. You block the ettin's attack. The ettin barely misses you.
Agnes hits you with a +0 lajatang of venom!!
Unknown command.
You feel better. You block Agnes's attack.
The ettin hits you with a +0 dire flail!
The ettin barely misses you.
Agnes hits you with a +0 lajatang of venom!
You are poisoned.
You barely miss Agnes.
Agnes is heavily wounded.
You hit the ettin. You burn the ettin.
You feel very sick.
Agnes hits you with a +0 lajatang of venom!
* * * LOW HITPOINT WARNING * * *
You are more poisoned.
The ettin completely misses you. The ettin barely misses you.
You feel better. You block Agnes's attack.
The ettin hits you but does no damage.
The ettin hits you with a +0 dire flail!
* * * LOW HITPOINT WARNING * * *
As you read the scroll of fear, it crumbles to dust.
You assume a fearsome visage.
The wizard looks frightened!
The ettin looks frightened!
The deep troll looks frightened!
Agnes resists with some effort.
The two-headed ogre looks frightened! x2
Agnes barely misses you.
The wizard gestures wildly while chanting.
The wizard flickers and vanishes for a moment.
As you read the scroll of teleportation, it crumbles to dust.
You feel strangely unstable. You block Agnes's attack.
You slash Agnes! You burn Agnes.
Agnes is severely wounded.
Agnes hits you with a +0 lajatang of venom!!
* * * LOW HITPOINT WARNING * * *
You are lethally poisoned!
The wizard mumbles some strange words.
The wizard blinks!
Agnes hits you with a +0 lajatang of venom!
You die...
Your body crumbles into a pile of gold.

.. #.. <.####.####.
#.#...#.!..
........p#
##...#.#.#
##........###
...#....(.....[.
#......O.#######.##
#......§OC.@i.....#
##...p.O.#######.##
##........
##...##### ##.##
###


You could see Agnes, an ettin (fleeing), 2 two-headed ogres, a wizard
(invisible, fleeing) and an ogre.

Vanquished Creatures
  The ghost of Kilet the Geomancer, an adept GrEE of Vehumet (D:14)
  The ghost of Ficoysum the Archer, a journeyman GnWn of Zin (D:14)
  An orc warlord (Orc:2)
  The ghost of Uummannaq the Severer, a journeyman MiFi of Gozag (D:14)
  Snorg (Lair:5)
  15 hydras
  Erolcha (Orc:2)
  8 boulder beetles
  2 catoblepae
  An ogre mage (D:14)
  2 centaur warriors (D:13)
  2 two-headed ogres
  5 death yaks (Lair:6)
  Nergalle (Lair:1)
  Urug (Orc:2)
  2 orc high priests (Orc:2)
  4 skeletal warriors (D:13)
  A sixfirhy (Lair:6)
  A fire crab (Lair:6)
  A wizard (Lair:6)
  Pikel (D:4)
  A deep elf pyromancer (D:12)
  3 orc knights
  6 ugly things
  2 oklob plants (Lair:5)
  5 orc sorcerers
  3 cyclopes
  A manticore (D:13)
  11 elephants (Lair:5)
  4 black mambas
  A torpor snail (Lair:5)
  4 orange demons (Lair:6)
  A smoke demon (Lair:6)
  4 unseen horrors
  19 cane toads
  Psyche (D:12)
  A kobold demonologist (D:14)
  3 yaktaurs (D:14)
  6 rime drakes
  10 komodo dragons
  An ice devil (Lair:6)
  A red devil (Lair:6)
  3 trolls
  5 polar bears
  A hornet (D:9)
  7 slime creatures
  14 dream sheep
  20 blink frogs
  39 yaks
  4 hogs (D:7)
  4 vampires
  3 wyverns
  A spriggan (D:10)
  3 basilisks
  A human (D:7)
  2 vampire mosquitoes (D:13)
  6 wargs
  Menkaure (D:4)
  3 nagas (Lair:2)
  20 water moccasins
  3 hell hounds (Lair:6)
  39 orc warriors
  A swamp drake (D:10)
  9 ogres
  An ice beast (D:5)
  6 black bears
  8 wolves
  14 centaurs
  3 phantoms
  7 kobold brigands
  15 bullfrogs
  2 gnoll sergeants
  4 wights (D:9)
  7 killer bees
  4 electric eels
  3 howler monkeys (D:12)
  A jelly (D:5)
  4 centaur zombies
  20 orc priests
  Crazy Yiuf (D:2)
  3 hounds
  4 gnoll shamans
  3 iguanas
  Jessica (D:2)
  A bullfrog skeleton (D:6)
  Ijyb (D:5)
  31 orc wizards
  3 killer bee zombies
  A howler monkey zombie (D:9)
  Robin (D:2)
  6 adders
  38 gnolls
  An adder skeleton (D:4)
  2 worms
  4 dart slugs
  100 orcs
  4 ball pythons
  6 endoplasms
  6 giant cockroaches
  12 goblins
  10 hobgoblins
  9 jackals
  2 quokkas
  11 bats
  3 frilled lizards
  11 kobolds
  8 rats
712 creatures vanquished.

Vanquished Creatures (others)
  The ghost of Wociock the Destroyer, a journeyman DgWz (D:14)
  36 fungi
  95 plants
132 creatures vanquished.

Grand Total: 844 creatures vanquished

Notes
Turn   | Place    | Note
-------+----------+-------------------------------------------
     0 | D:1      | Dorkslayer the Human Fighter began the quest for the Orb.
     0 | D:1      | Reached XP level 1. HP: 18/18 MP: 1/1
    85 | D:1      | Reached XP level 2. HP: 19/24 MP: 2/2
   387 | D:1      | Found a faded altar of an unknown god.
   444 | D:1      | Reached XP level 3. HP: 28/29 MP: 3/3
   708 | D:2      | Reached skill level 1 in Dodging
   731 | D:2      | Reached XP level 4. HP: 26/35 MP: 4/4
  1051 | D:2      | Found a hide-covered altar of Uskayaw.
  1130 | D:2      | Identified the +1 helmet of Carph {rElec Str+6 Stlth-}
  1130 | D:2      | Noticed Robin
  1154 | D:2      | Killed Robin
  1172 | D:2      | Reached XP level 5. HP: 29/41 MP: 5/5
  1282 | D:2      | Found a runed translucent door.
  1283 | D:2      | Noticed Crazy Yiuf
  1441 | D:2      | Noticed Jessica
  1446 | D:2      | Killed Jessica
  1652 | D:2      | Killed Crazy Yiuf
  1744 | D:3      | Found Esest's Antique Weapon Emporium.
  1805 | D:3      | Reached XP level 6. HP: 28/47 MP: 6/6
  1975 | D:3      | Reached skill level 1 in Throwing
  2975 | D:4      | Noticed Menkaure
  2983 | D:4      | Noticed Pikel
  3037 | D:4      | Found an ornate altar of the Wu Jian Council.
  3055 | D:4      | Reached skill level 1 in Evocations
  3055 | D:4      | Reached XP level 7. HP: 35/53 MP: 7/7
  3195 | D:4      | Paralysed by Pikel for 4 turns
  3214 | D:4      | Reached skill level 4 in Fighting
  3219 | D:4      | Killed Pikel
  3220 | D:4      | Reached skill level 5 in Long Blades
  3220 | D:4      | Reached XP level 8. HP: 61/61 MP: 8/8
  3438 | D:4      | Found Savipera's Distillery.
  3571 | D:4      | Killed Menkaure
  3843 | D:5      | Entered Level 5 of the Dungeon
  3881 | D:5      | Reached skill level 5 in Fighting
  4193 | D:5      | Found a shadowy altar of Dithmenos.
  4301 | D:5      | Found a large runed translucent door.
  4304 | D:5      | Found a large runed translucent door.
  4339 | D:5      | Found a white marble altar of Elyvilon.
  4359 | D:5      | Found a sparkling altar of Nemelex Xobeh.
  4638 | D:5      | Reached skill level 5 in Armour
  4640 | D:5      | Reached XP level 9. HP: 51/68 MP: 9/9
  4712 | D:5      | Reached skill level 1 in Stealth
  4745 | D:5      | Noticed Ijyb
  4754 | D:5      | Killed Ijyb
  5195 | D:6      | Found a shimmering blue altar of Sif Muna.
  6024 | D:7      | Found a hazy altar of Hepliaklqana.
  6177 | D:7      | Reached skill level 6 in Fighting
  6932 | D:7      | Found a staircase to the Ecumenical Temple.
  6941 | Temple   | Entered the Ecumenical Temple
  6956 | Temple   | Became a worshipper of Gozag Ym Sagoz the Greedy
  7229 | D:7      | Reached XP level 10. HP: 51/77 MP: 10/10
  7236 | D:7      | Reached skill level 5 in Evocations
  7757 | D:8      | Identified the +0 pair of gloves of Skepticism {Str+6
                  | Int+5}
  7886 | D:8      | Found a hide-covered altar of Uskayaw.
  8138 | D:8      | Reached skill level 7 in Fighting
  8623 | D:9      | Noticed a two-headed ogre
  8628 | D:9      | Killed a two-headed ogre
  8843 | D:9      | Reached XP level 11. HP: 67/84 MP: 11/11
  9293 | D:4      | Bought a potion of haste for 130 gold pieces
  9293 | D:4      | Bought a potion of invisibility for 104 gold pieces
  9293 | D:4      | Bought a potion of degeneration for 13 gold pieces
  9293 | D:4      | Bought a potion of might for 52 gold pieces
  9293 | D:4      | Bought 2 potions of heal wounds for 130 gold pieces
  9293 | D:4      | Bought a potion of attraction for 39 gold pieces
  9383 | D:3      | Bought a runed war axe for 143 gold pieces
  9703 | D:9      | Reached skill level 8 in Fighting
  9796 | D:9      | Found Zin's Purification Station.
  9799 | D:9      | Found a glowing silver altar of Zin.
  9910 | D:10     | Entered Level 10 of the Dungeon
  9919 | D:10     | Reached skill level 1 in Axes
  9970 | D:10     | Found a staircase to the Lair.
 10134 | D:10     | Found a staircase to the Orcish Mines.
 10213 | D:10     | Found a flagged portal.
 10222 | Bailey   | Entered a bailey
 11053 | D:10     | Reached skill level 5 in Axes
 11637 | D:10     | Found Ycweofur's General Store.
 11642 | D:10     | Bought 6 javelins for 81 gold pieces
 11642 | D:10     | Bought a wand of iceblast (5) for 153 gold pieces
 11642 | D:10     | Bought a potion of heal wounds for 85 gold pieces
 11642 | D:10     | Bought a scroll of identify for 34 gold pieces
 12556 | D:11     | Got Akyteshra's Volume of Bewitching Companions
 12647 | D:11     | Reached XP level 12. HP: 83/94 MP: 12/12
 13576 | D:11     | Noticed a boulder beetle
 13592 | D:11     | Killed a boulder beetle
 13593 | D:11     | Reached skill level 9 in Fighting
 14234 | D:12     | Noticed an eight-headed hydra
 14240 | D:12     | Killed a five-headed hydra
 14249 | D:12     | Noticed a four-headed hydra
 14255 | D:12     | Killed a one-headed hydra
 14256 | D:12     | Reached skill level 5 in Shields
 14312 | D:12     | Acquired 1110 gold pieces
 14332 | D:12     | Noticed Psyche
 14340 | D:12     | Killed Psyche
 14382 | D:12     | Noticed a seven-headed hydra
 14389 | D:12     | Killed a three-headed hydra
 14970 | D:12     | Noticed a two-headed ogre
 14970 | D:12     | Noticed a four-headed hydra
 14975 | D:12     | Killed a two-headed ogre
 14978 | D:12     | Killed a one-headed hydra
 15121 | Lair:1   | Entered Level 1 of the Lair of Beasts
 15181 | D:9      | Bought a potion of curing for 90 gold pieces
 15348 | Lair:1   | Reached XP level 13. HP: 60/103 MP: 13/13
 15519 | Lair:1   | HP: 4/103 [cane toad (17)]
 15872 | Lair:1   | Noticed a boulder beetle
 15880 | Lair:1   | Killed a boulder beetle
 16316 | Lair:1   | Reached skill level 10 in Fighting
 16364 | Lair:1   | Noticed Nergalle
 16373 | Lair:1   | Killed Nergalle
 16469 | Lair:1   | Identified the +0 barding of the Illusory Ships {Str+2
                  | Int+5}
 16573 | Lair:2   | Found a staircase to the Snake Pit.
 16654 | Lair:2   | Noticed a catoblepas
 16669 | Lair:2   | Killed a catoblepas
 17132 | Lair:2   | Found a staircase to the Swamp.
 17578 | Lair:3   | Noticed a five-headed hydra
 17590 | Lair:3   | Killed a one-headed hydra
 17964 | Lair:3   | Noticed a six-headed hydra
 17978 | Lair:3   | Reached skill level 10 in Axes
 17994 | Lair:3   | Killed a one-headed hydra
 18003 | Lair:3   | Reached skill level 11 in Fighting
 18768 | Lair:4   | Reached XP level 14. HP: 101/113 MP: 14/14
 20396 | Lair:5   | Found a blossoming altar of Fedhas.
 20916 | Lair:5   | Reached skill level 10 in Armour
 20952 | Lair:5   | Reached skill level 10 in Evocations
 21249 | Lair:5   | Reached skill level 12 in Fighting
 21630 | Lair:5   | Reached skill level 5 in Throwing
 21630 | Lair:5   | Reached XP level 15. HP: 121/121 MP: 14/16
 21886 | Lair:6   | Entered Level 6 of the Lair of Beasts
 22336 | Lair:6   | Noticed Snorg
 22365 | Lair:5   | Killed Snorg
 22662 | Lair:5   | Reached XP level 16. HP: 127/129 MP: 17/17
 22802 | Lair:6   | Found a staircase to the Slime Pits.
 23999 | Lair:6   | Reached skill level 13 in Fighting
 24098 | Lair:6   | Found a burning altar of Makhleb.
 24299 | Lair:6   | Found a gateway to Hell.
 24867 | Orc:1    | Entered Level 1 of the Orcish Mines
 24867 | Orc:1    | Found Tieqocvoha's Jewellery Shop.
 25505 | Orc:1    | Found a radiant altar of Vehumet.
 25535 | Orc:2    | Entered Level 2 of the Orcish Mines
 25792 | Orc:2    | Found Gaqau's Weapon Boutique.
 26002 | Orc:2    | Noticed Erolcha
 26013 | Orc:2    | Killed Erolcha
 26190 | Orc:2    | Noticed Urug
 26205 | Orc:2    | Killed Urug
 26861 | Orc:2    | Found Unogurogg's General Store.
 26870 | Orc:2    | Bought a potion of flight for 33 gold pieces
 26879 | Orc:2    | Found Ahauduwo's Antique Weapon Emporium.
 26892 | Orc:2    | Bought an encrusted morningstar for 270 gold pieces
 26892 | Orc:2    | Identified the +8 morningstar of Chance {vorpal, Int+4
                  | Dex+4} (You bought it in a shop on level 2 of the Orcish
                  | Mines)
 26901 | Orc:2    | Found Tant's Antique Armour Emporium.
 26908 | Orc:2    | Bought a shiny chain mail for 187 gold pieces
 26918 | Orc:2    | Found Abrint's Book Emporium.
 27150 | Orc:2    | Found a staircase to the Elven Halls.
 27516 | Orc:2    | Bought a potion of curing for 36 gold pieces
 27516 | Orc:2    | Bought a potion of heal wounds for 60 gold pieces
 27516 | Orc:2    | Bought 2 potions of haste for 240 gold pieces
 27519 | Orc:2    | Bought the +10 plate armour of Sorcery {Str+3 Dex+5 SInv}
                  | for 1510 gold pieces
 28461 | D:13     | Reached skill level 5 in Dodging
 29254 | D:14     | Identified the +5 war axe of Red Wine {venom, *Corrode
                  | rPois Dex+2}
 29257 | D:14     | Found a blossoming altar of Fedhas.
 29294 | D:14     | Reached XP level 17. HP: 138/138 MP: 18/18
 29484 | D:14     | Paralysed by an ogre mage for 4 turns
 29505 | D:14     | Reached skill level 14 in Fighting
 29804 | D:14     | Found a gate to the Vaults.
 30178 | D:14     | Found a runed translucent gate.
 30178 | D:14     | Found a runed translucent gate.
 30178 | D:14     | Found a runed translucent gate.
 30181 | D:14     | Noticed Wociock's ghost (journeyman DgWz)
 30181 | D:14     | Noticed Ficoysum's ghost (journeyman GnWn)
 30181 | D:14     | Noticed Uummannaq's ghost (journeyman MiFi)
 30181 | D:14     | Noticed Kilet's ghost (adept GrEE)
 30224 | D:14     | Killed Kilet's ghost
 30226 | D:14     | Killed Uummannaq's ghost
 30233 | D:14     | Killed Wociock's ghost
 30249 | D:14     | Killed Ficoysum's ghost
 30528 | D:14     | You fall into a shaft and drop 1 floor!
 30528 | D:15     | Entered Level 15 of the Dungeon
 30537 | D:15     | Noticed Agnes
 30550 | D:15     | Slain by Agnes

Illustrated notes

Levels and vault maps discovered:
D:1:      saegor_arrival_simple_a, layout_basic, shapermc_ecumenical_altar_venn
D:2:      layout_rooms, basic_altar, nicolae_concentric_dashed_squares_wild,
          uniq_jessica, uniq_crazy_yiuf_cottage, uniq_robin
D:3:      layout_loops_ring, serial_shops, shop
D:4:      layout_basic, nzn_wu_jian_contemplation, serial_shops,
          nicolae_shop_statue_plus, serial_bayou, serial_bayou_crossing,
          serial_bayou_pond_b, serial_bayou_pond_c, serial_bayou_pond_d,
          hangedman_glass_teeth, amcnicky_mini_corridor_feature, uniq_pikel,
          uniq_menkaure
D:5:      layout_loops_ring, mainiacjoe_overflow_alcove_4,
          jmf_multi_god_temple2, uniq_ijyb
D:6:      layout_basic, led_sif_book, minmay_misc_feat_rugged
D:7:      layout_loops_corners, amcnicky_altar_gilded, temple_hall,
          serial_bayou_lagoon_a, fountainhead, grunt_livestock
D:8:      layout_loops_cross, mainiacjoe_overflow_tiny_flanked
D:9:      layout_loops_cross, zin_purify
D:10:     layout_irregular_city, minmay_lair_entry_grove, erik_orc_1,
          enter_bailey_8, serial_shops, kennysheep_little_box, the_hattery
D:11:     layout_layer_cave, hangedman_batty
D:12:     layout_long_grid, uniq_psyche
D:13:     layout_irregular_city, serial_column_ruins, column_ruins_hut_ruined,
          column_ruins_hut_ruined, column_ruins_grid_3,
          column_ruins_columns_corner, column_ruins_open_small
D:14:     layout_stronghold, hangedman_vaults_entry_quadrant_bands,
          gammafunk_ghost_cemetery, fedhas_altar_3
D:15:     hangedman_depths_entry_civil_slaughter, layout_loops_ring,
          chequers_serial_rivers_micro_a, uniq_roxanne, uniq_agnes,
          uniq_josephine
Temple:   zaba_magenta_temple
Lair:1:   layout_misc_corridors, minivault_27, nzn_sisyphean_effort,
          lemuel_fruit_tree, uniq_nergalle
Lair:2:   layout_gridlike, swamp_mist, guppyfry_snake_entry_garden,
          minmay_holes, minivault_19, beast_lair_carwin_3
Lair:3:   layout_regular_city, cheibrodos_lair_caveside_slide, minivault_27,
          serial_bayou_shore_a
Lair:4:   layout_hall_layers, grunt_megastairs_5
Lair:5:   layout_regular_city, hangedman_tree_tricks
Lair:6:   evil_forest, layout_regular_city, slime_dummy, uniq_snorg
Orc:1:    layout_caves, serial_shops, shop, basic_altar
Orc:2:    grunt_orc_cross, layout_diamond_mine, special_room, serial_shops,
          nicolae_shop_bloodbath_and_beyond, uniq_erolcha

Skill      XL: |  1  2  3  4  5  6  7  8  9 10 11 12 13 14 15 16 17 |
---------------+----------------------------------------------------+-----
Dodging        | 1 2 3 4 5 |  5.7
Long Blades    | 3 5 7 8 9 |  9.1
Throwing       | 1 2 3 4 5 |  5.4
Evocations     | 1 2 3 4 6 7 8 9 10 11 | 11.9
Fighting       | 4 5 6 7 8 9 11 12 13 14 | 14.1
Armour         | 4 5 6 7 8 9 10 11 | 11.6
Stealth        | 2 3 4 |  4.1
Shields        | 4 5 6 7 |  7.6
Axes           | 6 8 10 11 12 13 | 13.9
Invocations    | 2 |  2.1

Action                   |  1- 3 |  4- 6 |  7- 9 | 10-12 | 13-15 | 16-18 || total
-------------------------+-------+-------+-------+-------+-------+-------++-------
Melee: Long sword        |    93 |   192 |   214 |   134 |       |       ||   633
       War axe           |       |       |       |   307 |   409 |   521 ||  1237
Throw: Dart              |       |     8 |    11 |       |       |       ||    19
       Boomerang         |       |       |    20 |    25 |       |       ||    45
       Javelin           |       |       |       |     6 |    20 |    28 ||    54
Invok: Call Merchant     |       |       |       |       |       |     2 ||     2
Evoke: Wand              |       |     1 |     8 |    18 |     8 |     2 ||    37
       Tin of tremorston |       |       |       |       |       |     1 ||     1
  Use: Potion            |       |     3 |     3 |     7 |     5 |    12 ||    30
       Scroll            |       |     5 |     1 |    17 |     4 |     8 ||    35
 Stab: Paralysed         |       |       |     9 |       |       |       ||     9
       Distracted        |       |       |       |     4 |     4 |     5 ||    13
       Confused          |       |       |       |     1 |       |       ||     1
       Petrified         |       |       |       |       |     3 |       ||     3
Armor: Scale mail        |    48 |    92 |    44 |       |       |       ||   184
       Chain mail        |       |       |    98 |    96 |     3 |       ||   197
       Plate armour      |       |       |       |   222 |   231 |   189 ||   642
Dodge: Dodged            |    41 |    83 |   101 |   327 |   277 |   288 ||  1117
Block: Buckler           |    25 |    38 |    49 |   124 |   114 |   123 ||   473
       Tower shield      |       |       |       |       |       |    22 ||    22
